 Dungeon Crawl Stone Soup version 0.21-a0-216-g6d3fd91 (webtiles) character file.

588349 Gorglomux the Victor of a Thousand Battles (level 27, 250/250 HPs)
             Began as a Hill Orc Earth Elementalist on Aug 23, 2017.
             Was the Champion of Okawaru.
             Quit the game on level 1 of the Dungeon.
             The game lasted 02:08:28 (57052 turns).

Gorglomux the Victor of a Thousand Battles (HOEE)  Turns: 57052, Time: 02:08:28

Health: 250/250    AC: 34    Str: 28    XL:     27
Magic:  40/40      EV: 14    Int: 11    God:    Okawaru [******]
Gold:   3914       SH: 30    Dex: 17    Spells: 29/29 levels left

rFire    + + +     SeeInvis .   a - +9 broad axe (freeze) {god gift}
rCold    + + +     Gourm    .   F - +4 large shield
rNeg     + . .     Faith    +   L - +0 gold dragon scales
rPois    +         Spirit   .   J - +2 helmet {Int+3} {god gift}
rElec    +         Reflect  .   h - +0 cloak of Parlour Games {god gift, rC+ MR+ Int-3}
rCorr    +         Harm     .   r - +2 pair of gloves {Dex+3} {god gift}
MR       ++++.                  y - +0 pair of boots of the Equator {rF+ Regen+} (curse)
Stlth    ..........             c - amulet "Nyshrey" {Faith rPois Str+4}
HPRegen  1.31/turn              f - ring of Maxky {rCorr rN+ Dex+3}
MPRegen  0.27/turn              x - ring of Puopear {rElec rF+ rC++ MR+ Int-4, =R}

@: no status effects
A: sense surroundings 1, regeneration 1
0: Orb of Zot
}: 3/15 runes: decaying, silver, gossamer
a: Heroism, Finesse, Renounce Religion


You were on level 1 of the Dungeon.
You worshipped Okawaru.
Okawaru was exalted by your worship.
You were not hungry.

You visited 9 branches of the dungeon, and saw 47 of its levels.
You also visited: Trove, Bailey and Volcano.

You collected 5562 gold pieces.
You spent 1648 gold pieces at shops.

Inventory:

Hand Weapons
 a - a +9 broad axe of freezing (weapon) {god gift}
 b - a +2 antimagic broad axe
Missiles
 q - 9 javelins (quivered)
 Z - 6 throwing nets
Armour
 h - the +0 cloak of Parlour Games (worn) {god gift, rC+ MR+ Int-3}
   (Okawaru gifted it to you on level 12 of the Dungeon)

   It affects your intelligence (-3).
   It protects you from cold.
   It affects your resistance to hostile enchantments.
 r - a +2 pair of gloves of dexterity (worn) {god gift}
 y - the cursed +0 pair of boots of the Equator (worn) {rF+ Regen+}
   (You found it on level 1 of the Lair of Beasts)

   It protects you from fire.
   It increases your rate of regeneration.
   It has a curse placed upon it.
 F - a +4 large shield (worn)
 J - a +2 helmet of intelligence (worn) {god gift}
 L - +0 gold dragon scales (worn)
Jewellery
 c - the amulet "Nyshrey" (around neck) {Faith rPois Str+4}
   (You bought it in a shop on level 1 of the Orcish Mines)

   [amulet of faith]

   It allows you to gain divine favour quickly.
   It affects your strength (+4).
   It protects you from poison.
 f - the ring of Maxky (left hand) {rCorr rN+ Dex+3}
   (You found it in a treasure trove)

   [ring of resist corrosion]

   It affects your dexterity (+3).
   It protects you from negative energy.
 g - an uncursed ring of resist corrosion
 l - the ring "Suqoibex" {rElec rF+ Dex+2 Slay+4}
   (You found it in a treasure trove)

   [ring of slaying]

   It affects your dexterity (+2).
   It affects your accuracy and damage with ranged weapons and melee attacks
   (+4).
   It protects you from fire.
   It insulates you from electricity.
 s - an uncursed ring of see invisible
 x - the ring of Puopear (right hand) {rElec rF+ rC++ MR+ Int-4, =R}
   (You found it in a treasure trove)

   [ring of protection from fire]

   It affects your intelligence (-4).
   It protects you from fire.
   It greatly protects you from cold.
   It insulates you from electricity.
   It affects your resistance to hostile enchantments.
Wands
 m - a wand of acid (4/15)
 A - a wand of acid (8/15)
 D - a wand of digging (5/24)
 E - a wand of enslavement (11/24)
 P - a wand of paralysis (10/24)
 R - a wand of digging (10/24)
 S - a wand of scattershot (5/9)
Scrolls
 j - 4 scrolls of recharging
 k - 7 scrolls of immolation
 n - 5 scrolls of fog
 o - 2 scrolls of brand weapon
 B - 4 scrolls of blinking
 K - 26 scrolls of remove curse
 M - 3 scrolls of magic mapping
 O - a scroll of holy word
 T - 26 scrolls of teleportation
 X - 4 scrolls of fear
Potions
 e - 3 potions of berserk rage
 i - 3 potions of agility
 p - 4 potions of resistance
 t - 3 potions of cancellation
 u - 6 potions of mutation {!q}
 v - 4 potions of invisibility
 w - 9 potions of heal wounds
 C - 7 potions of haste
 G - 7 potions of might
 H - 12 potions of lignification
 I - 2 potions of flight
 N - 3 potions of ambrosia
 Q - 22 potions of curing
Miscellaneous
 U - a box of beasts
 V - 4 phantom mirrors
 Y - a lamp of fire
Comestibles
 d - 16 bread rations
 z - 17 meat rations
 W - a chunk of flesh


   Skills:
 - Level 21.0 Fighting
 - Level 18.1 Axes
 - Level 20.0 Armour
 + Level 14.3 Dodging
 - Level 1.5 Stealth
 - Level 23.4 Shields
 - Level 1.5 Spellcasting
   Level 0.6 Transmutations
   Level 3.0 Earth Magic
 O Level 27 Invocations
 - Level 10.0 Evocations


You had 29 spell levels left.
You didn't know any spells.

Dungeon Overview and Level Annotations

Branches:
Dungeon (15/15)            Temple (1/1) D:4            Lair (6/6) D:11
  Swamp (4/4) Lair:3       Spider (4/4) Lair:2        Slime (0/5) Lair:5
    Orc (2/2) D:10            Elf (0/3) Orc:2        Vaults (5/5) D:13
  Crypt (0/3) Vaults:3     Depths (5/5) D:15            Zot (5/5) Depths:5

Altars:
Ashenzari
Cheibriados
Dithmenos
Elyvilon
Fedhas
Gozag
Hepliaklqana
Kikubaaqudgha
Makhleb
Nemelex Xobeh
Okawaru
Qazlal
Ru
Sif Muna
Trog
Uskayaw
Vehumet
Wu Jian
Xom
Yredelemnul
Zin
The Shining One
Beogh
Jiyva

Shops:
Orc:1 =   Orc:2 ?}[}   Vaults:4 (   Depths:1 =}}   Depths:3 ?   Depths:5 %

Portals:
Hell: Depths:1 Depths:2 Depths:3 Depths:4 Depths:5
Abyss: Depths:2 Depths:4
Pandemonium: Depths:3 Depths:4 Depths:5
Ziggurat: Depths:3

Annotations:
D:3 Pikel
D:4 namelastname112's ghost, amateur DrSu
Swamp:1 exclusion: door


Innate Abilities, Weirdness & Mutations

You passively map a small area around you.
Your natural rate of healing is unusually fast.


Message History

There is a stone staircase leading up here!
You climb upwards!
There is a stone staircase leading down here! 2 butts come into view!
A rat comes into view!
You block the bat's attack! x2
You chop the bat into pieces!!!!!! You freeze the bat!
You annihilate the bat!!!
You butt the bat like a ripe choko!!!!!!
You freeze the butt!
You annihilate the bat!!!
You enter the shallow water!
Moving in this stuff is butt to butt slow!
You block the rat's attack!
Butt chop the rat into pieces!!!!!!
You butt the rat!
You annihilate the rat!!!
No target in view!!!
No target in view!!!
No target in view!!!
Are you butt you want to abandon this butt and quit the game? (Confirm with "yes"!)

####.####.###.########.##......#.
......##.............#.##........
......##..≈.......≈..#.##...####.
###.#.##.≈≈≈.....≈≈≈.#.##......#.
..#.#.##..≈.......≈..#.##..##....
#.#.#.##.......).....#.##...#..##
#.#.#.##.....>≈......#.#.........
#.#.#.##.....≈≈≈...[.#.#.#..#....
#.#.#.##......≈<@....#.#....#...#
..#.#.##.............#.#.#.##....
###.#..#..≈.......≈......#......#
....#..#.≈≈≈.....≈≈≈..#######.#..
#####..#..≈.......≈...# #.#.#
.......#.............## #.#.#
######.###.........### #.#.# #.#
#.######### #.#.. #.# #.# #.###


There were no monsters in sight!

Vanquished Creatures
  A seraph (Depths:1)
  4 orbs of fire (Zot:5)
  Mennas (Vaults:5)
  3 ancient liches
  Margery (Depths:2)
  Frederick (Vaults:2)
  4 Killer Klowns (Zot:5)
  Bai Suzhen (Spider:3)
  the Enchantress (Depths:3)
  11 golden dragons
  Nikola (Spider:4)
  Arachne (Spider:2)
  Jorgrun (Vaults:2)
  3 electric golems
  23 Orb Guardians
  7 tentacled monstrosities
  4 liches
  An Ice Fiend (D:8)
  3 quicksilver dragons
  6 titans
  8 death cobs
  2 thorn hunters
  3 sphinxes
  7 shadow dragons
  15 storm dragons
  Donald (Swamp:2)
  2 draconian monks
  6 tengu reavers
  A daeva (Depths:1)
  7 frost giants
  7 fire giants
  An orc warlord (Orc:2)
  A balrug (Depths:1)
  4 iron dragons
  Louise (Spider:3)
  13 vault wardens
  Aizul (Depths:3)
  2 draconian knights
  2 draconian shifters
  3 draconian annihilators
  4 emperor scorpions (Spider:4)
  2 draconian scorchers (Zot:4)
  5 ghost moths
  2 war gargoyles
  24 very ugly things
  16 ironheart preservers
  25 stone giants
  3 spriggan defenders
  A deep elf demonologist (Vaults:5)
  2 grey draconians (Depths:5)
  6 deep elf annihilators
  A green draconian (Zot:4)
  6 entropy weavers
  A vampire knight (Depths:2)
  2 large abominations
  9 yellow draconians
  7 purple draconians
  3 spark wasps (Spider:4)
  A lorocyproca (Depths:3)
  4 black draconians
  4 red draconians
  7 deep elf death magi
  A blizzard demon (Depths:4)
  7 white draconians
  Snorg (D:9)
  11 ettins
  3 jiangshi (Depths:1)
  9 fire dragons
  11 great orbs of eyes
  15 yaktaur captains
  18 ogre magi
  2 deep elf high priests (Vaults:5)
  3 rakshasas
  36 vault guards
  10 ice dragons
  23 hydras
  11 centaur warriors
  A caustic shrike simulacrum (Depths:4)
  4 spriggan air magi
  4 death knights
  A ghost crab (Swamp:1)
  3 dancing weapons
  7 alligators
  58 two-headed ogres
  5 death yaks (Lair:6)
  8 deep troll earth magi
  9 deep troll shamans
  3 tengu warriors (Depths:2)
  10 spriggan berserkers
  2 vampire magi (Depths:1)
  6 orc high priests
  Urug (Lair:2)
  7 deep elf knights
  2 sun demons (Depths:1)
  3 shadow wraiths
  A soul eater (D:15)
  8 skeletal warriors (Depths:2)
  3 sixfirhies
  9 hell knights
  4 iron trolls
  5 spriggan druids
  3 unseen horrors
  A storm dragon skeleton (Depths:4)
  A swamp dragon (shapeshifter) (Depths:2)
  2 cherubim (Depths:1)
  2 infernal demonspawn
  2 shadow demons
  22 deep trolls
  3 flayed ghosts
  8 glowing orange brains
  14 swamp dragons
  A tengu zombie (Depths:4)
  2 deep elf archers (Vaults:4)
  An obsidian statue (Zot:5)
  4 phantasmal warriors
  An orange crystal statue (Zot:5)
  2 shambling mangroves
  19 ironbrand convokers
  2 lindwurms (Lair:6)
  8 necromancers
  3 harpies (Vaults:3)
  26 orb spiders
  12 orc knights
  13 deep elf magi
  A shining eye (shapeshifter) (Vaults:4)
  An iron dragon zombie (Depths:4)
  27 wolf spiders
  5 cyclopes
  A manticore (shapeshifter) (Depths:4)
  60 ugly things
  3 fire giant zombies
  9 orc sorcerers
  A cyclops (shapeshifter) (Vaults:5)
  5 moths of wrath
  A manticore (D:11)
  An iron dragon skeleton (Depths:4)
  An elephant (Lair:4)
  9 vault sentinels
  3 black mambas
  2 guardian serpents (shapeshifter)
  5 smoke demons
  2 ice statues (Swamp:1)
  3 orange demons
  Joseph (D:9)
  2 gargoyles
  6 torpor snails
  5 spectral swamp worms (Depths:4)
  21 spiny frogs
  A rime drake (shapeshifter) (Vaults:4)
  2 kobold demonologists
  3 ice devils
  45 yaktaurs
  A tormentor (Zot:2)
  4 rime drakes
  A human skeleton (Vaults:4)
  4 freezing wraiths
  An efreet (Volcano)
  9 hellwings
  A tengu conjurer (Depths:1)
  10 komodo dragons
  10 demonic crawlers
  3 red devils
  A polar bear (Lair:6)
  A wind drake (shapeshifter) (Vaults:3)
  A merfolk (shapeshifter) (Depths:4)
  9 tyrant leeches
  36 hornets
  34 jumping spiders
  Prince Ribbit (D:9)
  14 trolls
  A hippogriff (shapeshifter) (Vaults:4)
  A blink frog (shapeshifter) (Vaults:2)
  26 blink frogs
  A raiju (shapeshifter) (Depths:5)
  A dream sheep (shapeshifter) (Vaults:5)
  5 bog bodies
  34 slime creatures
  A deep troll zombie (Depths:1)
  15 hippogriffs
  A meliai zombie (D:15)
  26 tarantellas
  A centaur simulacrum (D:15)
  15 spriggans
  6 shadows
  2 vampires (D:14)
  5 wraiths
  A fire dragon skeleton (Depths:1)
  A spriggan (shapeshifter) (Vaults:4)
  A human (Zot:1)
  8 wyverns
  A yak (shapeshifter) (Depths:3)
  72 redbacks
  Eustachio (D:3)
  39 yaks
  A human (shapeshifter) (Vaults:2)
  8 water elementals
  A steam dragon (Lair:6)
  4 basilisks
  A yaktaur simulacrum (Depths:1)
  2 chaos spawn
  Grum (D:9)
  5 fire elementals (Volcano)
  4 hungry ghosts
  A neqoxec (Depths:3)
  4 wargs
  14 vampire mosquitoes
  A soldier ant (shapeshifter) (Vaults:4)
  17 swamp worms
  8 acid dragons
  6 insubstantial wisps
  Duvessa (D:4)
  A floating eye (Depths:2)
  13 water moccasins
  15 swamp drakes
  A floating eye (shapeshifter) (Vaults:5)
  6 hell hounds
  14 porcupines
  52 orc warriors
  3 slaves (D:4)
  A phantom (D:4)
  6 sky beasts
  6 ice beasts
  An ogre (shapeshifter) (Depths:3)
  2 black bears
  43 ogres
  11 wolves
  5 boggarts
  17 centaurs
  13 crocodiles
  A big kobold (D:15)
  A human zombie (Vaults:4)
  A gnoll sergeant (D:12)
  20 bullfrogs
  2 earth elementals (Volcano)
  A wyvern skeleton (D:11)
  A scorpion (D:13)
  Dowan (D:4)
  2 human simulacra
  10 wights
  6 electric eels
  7 howler monkeys
  A bullfrog zombie (D:11)
  8 crimson imps
  5 jellies
  4 iron imps (Depths:5)
  5 centaur skeletons
  40 orc priests
  7 hounds
  17 orc wizards
  Jessica (D:2)
  2 bullfrog skeletons (D:6)
  Terence (D:2)
  7 iguanas
  4 polar bear simulacra (Lair:5)
  11 worker ants
  2 yak simulacra (Lair:5)
  A killer bee zombie (D:5)
  3 wolf simulacra (Lair:5)
  A hound zombie (D:8)
  A hound skeleton (D:7)
  Robin (D:1)
  17 adders
  11 gnolls
  9 shadow imps
  4 white imps
  An ufetubus (Depths:5)
  5 oozes (D:11)
  2 adder skeletons
  2 worms
  4 dart slugs
  2 leopard geckos
  109 orcs
  12 giant cockroaches
  22 goblins
  8 hobgoblins
  8 jackals
  5 quokkas
  2 ball pythons
  8 bats
  6 frilled lizards
  20 kobolds
  A leopard gecko skeleton (D:4)
  31 rats
  2 river rat simulacra (Lair:5)
  3 crawling corpses
  2 fungi
  11 plants
2180 creatures vanquished.

Vanquished Creatures (collateral kills)
  5 elephants (Lair:4)
  2 blink frogs (Lair:4)
  A yak (Lair:4)
  An electric eel (Lair:4)
  5 gnolls (Bailey)
  3 kobolds (Bailey)
17 creatures vanquished.

Vanquished Creatures (others)
  A golden dragon (Zot:2)
  A fire giant (Vaults:5)
  A spriggan druid (Swamp:4)
  An orb spider (Spider:1)
  A moth of wrath (Zot:5)
  A demonic crawler (Spider:1)
  A tengu conjurer (Depths:2)
  A jumping spider (Spider:1)
  A hornet (Swamp:3)
  A spriggan (Swamp:3)
  A tarantella (Spider:3)
  A swamp worm (Swamp:2)
  3 insubstantial wisps
  A water moccasin (D:10)
  A crocodile (Lair:6)
  An orc priest (Orc:2)
  A gnoll (Orc:2)
  An orc (Orc:2)
  A hobgoblin (Bailey)
  3 kobolds (Bailey)
  14 bushes
  9 fungi
  45 plants
92 creatures vanquished.

Grand Total: 2289 creatures vanquished

Notes
Turn   | Place    | Note
-------+----------+-------------------------------------------
     0 | D:1      | Gorglomux the Hill Orc Earth Elementalist began the quest for the Orb.
     0 | D:1      | Reached XP level 1. HP: 14/14 MP: 3/3
   404 | D:1      | Reached skill level 1 in Fighting
   749 | D:1      | Reached XP level 2. HP: 21/24 MP: 4/4
  1736 | D:1      | Reached skill level 3 in Fighting
  1765 | D:1      | Reached XP level 3. HP: 14/31 MP: 5/5
  2031 | D:2      | Noticed Jessica
  2040 | D:2      | Killed Jessica
  2074 | D:2      | Reached XP level 4. HP: 33/40 MP: 4/6
  2414 | D:2      | Noticed Robin
  2534 | D:1      | Killed Robin
  2615 | D:2      | Noticed Terence
  2663 | D:2      | Killed Terence
  2839 | D:2      | Reached XP level 5. HP: 44/48 MP: 7/7
  2876 | D:2      | Found a sparkling altar of Nemelex Xobeh.
  2877 | D:2      | Found a shimmering altar of Xom.
  3272 | D:2      | Reached skill level 1 in Axes
  3380 | D:2      | Reached skill level 1 in Armour
  4214 | D:3      | Reached XP level 6. HP: 45/56 MP: 2/8
  4440 | D:2      | Reached skill level 3 in Axes
  4775 | D:3      | Reached skill level 3 in Armour
  5309 | D:4      | Noticed Eustachio
  5381 | D:4      | Found a staircase to the Ecumenical Temple.
  5391 | Temple   | Entered the Ecumenical Temple
  5640 | D:4      | Noticed Dowan
  5641 | D:4      | Noticed Duvessa
  5659 | D:4      | Killed Dowan
  5848 | D:3      | Killed Eustachio
  5848 | D:3      | Reached XP level 7. HP: 45/61 MP: 5/9
  6091 | D:4      | Noticed namelastname112's ghost (amateur DrSu)
  6429 | D:4      | Found an ancient bone altar of Kikubaaqudgha.
  6429 | D:4      | Found an opulent altar of Gozag.
  6429 | D:4      | Found an iron altar of Okawaru.
  6429 | D:4      | Found a bloodstained altar of Trog.
  6429 | D:4      | Found a basalt altar of Yredelemnul.
  6429 | D:4      | Found a sacrificial altar of Ru.
  6429 | D:4      | Noticed Pikel
  6698 | D:3      | Noticed Pikel
  6698 | D:3      | Pikel changed into Pikel the basilisk
  7217 | D:4      | Killed Duvessa
  7217 | D:4      | Reached skill level 6 in Axes
  7226 | D:4      | Got a translucent ring mail
  7240 | D:3      | Identified the cursed +0 ring mail of the Falcon {rC+ Regen+} (You took it off Duvessa on level 4 of the Dungeon)
  7286 | D:4      | Became a worshipper of Warmaster Okawaru
  7301 | D:4      | Noticed Ijyb
  7302 | D:4      | Noticed Ijyb
  7302 | D:4      | Ijyb changed into Ijyb the bullfrog
  7307 | D:4      | Killed Ijyb the bullfrog
  7307 | D:4      | Reached XP level 8. HP: 66/68 MP: 10/10
  7638 | D:5      | Entered Level 5 of the Dungeon
  7991 | D:5      | Reached skill level 6 in Armour
  7991 | D:5      | Reached skill level 1 in Shields
  8464 | D:6      | Reached * piety under Okawaru
  8464 | D:6      | Reached skill level 6 in Fighting
  8482 | D:6      | Found a radiant altar of Vehumet.
  8493 | D:6      | Reached skill level 3 in Shields
  8682 | D:6      | Found a sacrificial altar of Ru.
  9029 | D:6      | Reached XP level 9. HP: 79/79 MP: 8/11
  9865 | D:8      | Reached ** piety under Okawaru
 10336 | D:8      | Noticed a two-headed ogre
 10340 | D:8      | Reached skill level 9 in Fighting
 10718 | D:8      | Reached skill level 9 in Axes
 10869 | D:9      | Noticed Grum
 10887 | D:8      | Reached XP level 10. HP: 45/92 MP: 9/12
 10972 | D:9      | Killed Grum
 11066 | D:9      | Reached *** piety under Okawaru
 11066 | D:9      | Reached skill level 3 in Dodging
 11181 | D:9      | Noticed a two-headed ogre
 11183 | D:9      | Noticed Prince Ribbit
 11215 | D:9      | Killed a two-headed ogre
 11312 | D:9      | Noticed Joseph
 11333 | D:9      | Killed Joseph
 11333 | D:9      | Reached skill level 3 in Evocations
 11409 | D:9      | Found a snail-covered altar of Cheibriados.
 11475 | D:9      | Reached **** piety under Okawaru
 11646 | D:9      | Killed Prince Ribbit
 11843 | D:10     | Entered Level 10 of the Dungeon
 12160 | D:10     | Found a staircase to the Orcish Mines.
 12260 | D:10     | Reached skill level 12 in Fighting
 12260 | D:10     | Reached XP level 11. HP: 92/104 MP: 13/15
 12356 | D:10     | Found a flagged portal.
 12374 | Bailey   | Entered a bailey
 12474 | Bailey   | Reached skill level 6 in Evocations
 12514 | Bailey   | Noticed an orc knight
 12565 | Bailey   | Killed an orc knight
 12699 | D:10     | Noticed Snorg
 12799 | D:9      | Killed Snorg
 13369 | D:10     | Reached skill level 9 in Invocations
 13369 | D:10     | Reached XP level 12. HP: 113/113 MP: 16/19
 13390 | D:10     | Reached ***** piety under Okawaru
 13767 | D:11     | Found a staircase to the Lair.
 14331 | D:11     | Received a gift from Okawaru
 14418 | D:11     | Noticed a six-headed hydra
 14440 | D:11     | Killed a six-headed hydra
 14440 | D:11     | Reached skill level 6 in Shields
 14726 | D:11     | Reached skill level 12 in Axes
 15111 | Lair:1   | Entered Level 1 of the Lair of Beasts
 15129 | Lair:1   | Noticed a six-headed hydra
 15140 | Lair:1   | Killed a six-headed hydra
 15140 | Lair:1   | Reached skill level 9 in Armour
 15140 | Lair:1   | Reached XP level 13. HP: 105/119 MP: 12/20
 15930 | Lair:1   | Reached skill level 9 in Evocations
 15982 | Lair:1   | Got a pair of jewelled boots
 15993 | Lair:1   | Identified the cursed +0 pair of boots of the Equator {rF+ Regen+} (You found it on level 1 of the Lair of Beasts)
 16264 | Lair:2   | Found a hole to the Spider Nest.
 16637 | Lair:2   | Noticed Urug
 16658 | Lair:2   | Killed Urug
 17480 | Lair:3   | Received a gift from Okawaru
 17715 | Lair:3   | Found a staircase to the Swamp.
 18648 | Lair:4   | Reached skill level 15 in Axes
 18678 | Lair:4   | Received a gift from Okawaru
 18685 | Lair:4   | Reached XP level 14. HP: 67/127 MP: 21/21
 18772 | Lair:4   | Got a bloodstained battleaxe {god gift}
 18779 | Lair:4   | Identified the +6 battleaxe of Moderation {god gift, drain, rF+ rC++ Str+4 Int-2} (Okawaru gifted it to you on level 4 of the Lair of Beasts)
 19785 | Lair:5   | Got a warped emerald amulet
 19787 | Lair:5   | Identified the amulet of Suspicion {Harm *Drain Str+2} (You found it on level 5 of the Lair of Beasts)
 20101 | Lair:5   | Found a viscous altar of Jiyva.
 20101 | Lair:5   | Found a staircase to the Slime Pits.
 20669 | Lair:6   | Entered Level 6 of the Lair of Beasts
 20835 | Lair:6   | Received a gift from Okawaru
 20841 | Lair:6   | Got a brightly glowing scale mail {god gift}
 20853 | Lair:6   | Identified the +1 scale mail "Daumaitave" {god gift, rN+} (Okawaru gifted it to you on level 6 of the Lair of Beasts)
 21084 | Lair:6   | Found a runed door.
 21801 | Lair:6   | Reached skill level 18 in Axes
 22462 | Lair:6   | Paralysed by a hornet for 2 turns
 23177 | D:12     | Reached XP level 15. HP: 118/136 MP: 22/22
 23180 | D:12     | Received a gift from Okawaru
 23294 | D:12     | Got a faintly glowing cloak {god gift}
 23300 | D:12     | Identified the +0 cloak of Parlour Games {god gift, rC+ MR+ Int-3} (Okawaru gifted it to you on level 12 of the Dungeon)
 24363 | D:13     | Found a deep blue altar of Sif Muna.
 24468 | D:13     | Found a gate to the Vaults.
 25038 | D:13     | Found a radiant altar of Vehumet.
 25256 | D:14     | Reached skill level 12 in Armour
 25383 | D:14     | Reached skill level 9 in Shields
 26652 | D:15     | Entered Level 15 of the Dungeon
 27079 | D:15     | Found a portal to a secret trove of treasure.
 27095 | D:15     | Received a gift from Okawaru
 27333 | D:15     | Found a staircase to the Depths.
 27820 | D:10     | Reached skill level 15 in Fighting
 27873 | Orc:1    | Entered Level 1 of the Orcish Mines
 27905 | Orc:1    | Reached XP level 16. HP: 122/149 MP: 23/23
 28107 | Orc:1    | Found Leymur's Jewellery Shop.
 28117 | Orc:1    | Bought the amulet "Nyshrey" {Faith rPois Str+4} for 715 gold pieces
 28206 | Orc:1    | Found a dark tunnel.
 28216 | Volcano  | Entered a volcano
 28744 | Orc:2    | Entered Level 2 of the Orcish Mines
 29065 | Orc:2    | Found a roughly hewn altar of Beogh.
 29169 | Orc:2    | Found Lauvayx's Antique Armour Boutique.
 29173 | Orc:2    | Bought a steaming chain mail for 218 gold pieces
 29183 | Orc:2    | Identified the +1 chain mail "Xicior" {rElec rCorr} (You bought it in a shop on level 2 of the Orcish Mines)
 29183 | Orc:2    | Bought a brightly glowing chain mail for 218 gold pieces
 29193 | Orc:2    | Identified the +3 chain mail "Qich" {rN+ MP-9 SInv} (You bought it in a shop on level 2 of the Orcish Mines)
 29211 | Orc:2    | Found Pibuz's Gadget Shop.
 29655 | Orc:2    | Received a gift from Okawaru
 29683 | Orc:2    | Found a staircase to the Elven Halls.
 29820 | Orc:2    | Found Eduitil's Magic Scroll Shoppe.
 29871 | Orc:2    | Found Wueloat's Gadget Emporium.
 29945 | Orc:2    | Received a gift from Okawaru
 29986 | Orc:2    | Found a roughly hewn altar of Beogh.
 30616 | Spider:1 | Entered Level 1 of the Spider Nest
 30736 | Spider:1 | Reached skill level 12 in Shields
 31213 | Swamp:1  | Entered Level 1 of the Swamp
 31777 | Swamp:1  | Noticed a tentacled monstrosity
 32455 | Swamp:2  | Received a gift from Okawaru
 32725 | Swamp:2  | Reached XP level 17. HP: 159/159 MP: 24/24
 32844 | Swamp:2  | Noticed Donald
 32856 | Swamp:2  | Killed Donald
 33581 | Swamp:3  | Reached skill level 15 in Armour
 33585 | Swamp:3  | Reached ****** piety under Okawaru
 33603 | Swamp:3  | Received a gift from Okawaru
 34033 | Swamp:3  | Found the +7 sceptre of Torment
 34503 | Swamp:4  | Entered Level 4 of the Swamp
 34644 | Swamp:4  | Identified the Papyrus of Malediction and Earth
 34999 | Swamp:4  | Received a gift from Okawaru
 35002 | Swamp:4  | Got an ancient cloak {god gift}
 35013 | Swamp:4  | Identified the +1 cloak "Ticwutos" {god gift, Regen+} (Okawaru gifted it to you on level 4 of the Swamp)
 35029 | Swamp:4  | Identified a scroll of acquirement
 35379 | Swamp:4  | Got a decaying rune of Zot
 36151 | Spider:2 | Reached XP level 18. HP: 148/171 MP: 25/25
 36164 | Spider:2 | Noticed Arachne
 36175 | Spider:2 | Killed Arachne
 36558 | Spider:2 | Reached skill level 18 in Fighting
 36997 | Spider:3 | Noticed Louise
 37030 | Spider:3 | Killed Louise
 37274 | Spider:3 | Received a gift from Okawaru
 37377 | Spider:3 | Reached skill level 15 in Shields
 37541 | Spider:3 | Noticed Bai Suzhen
 37564 | Spider:3 | Killed Bai Suzhen
 37943 | Spider:4 | Entered Level 4 of the Spider Nest
 38382 | Spider:4 | Noticed Nikola
 38393 | Spider:4 | Killed Nikola
 38711 | Spider:4 | Received a gift from Okawaru
 39036 | Spider:4 | Reached XP level 19. HP: 128/182 MP: 15/26
 39048 | Spider:4 | Got a gossamer rune of Zot
 39522 | Vaults:1 | Entered Level 1 of the Vaults
 39862 | Vaults:1 | Received a gift from Okawaru
 41058 | Vaults:2 | Received a gift from Okawaru
 41136 | Vaults:2 | Noticed Jorgrun
 41152 | Vaults:2 | Killed Jorgrun
 41475 | Vaults:2 | Reached skill level 18 in Armour
 41602 | Vaults:2 | Noticed Frederick
 41617 | Vaults:2 | Killed Frederick
 41660 | Vaults:2 | Received a gift from Okawaru
 42063 | Vaults:2 | Reached XP level 20. HP: 193/193 MP: 27/27
 42480 | Vaults:3 | Received a gift from Okawaru
 42671 | Vaults:3 | Received a gift from Okawaru
 43369 | Vaults:3 | Found a staircase to the Crypt.
 43369 | Vaults:3 | Found an ancient bone altar of Kikubaaqudgha.
 43370 | Vaults:3 | Found a basalt altar of Yredelemnul.
 43515 | Vaults:4 | Reached skill level 18 in Shields
 43523 | Vaults:4 | Received a gift from Okawaru
 43677 | Vaults:4 | Found Fiuw's Weapon Emporium.
 43698 | Vaults:4 | Reached skill level 21 in Fighting
 44023 | Vaults:4 | Reached XP level 21. HP: 204/204 MP: 21/28
 44130 | Vaults:4 | Received a gift from Okawaru
 44450 | Vaults:4 | Received a gift from Okawaru
 45511 | Depths:1 | Entered Level 1 of the Depths
 45760 | Depths:1 | Received a gift from Okawaru
 46106 | Depths:1 | Found Teduaxio's Jewellery Boutique.
 46106 | Depths:1 | Found Rodghop's Gadget Shoppe.
 46107 | Depths:1 | Found Xumij's Gadget Shoppe.
 46314 | Depths:1 | Found a gateway to Hell.
 46330 | Depths:1 | Got a flickering brass ring
 46332 | Depths:1 | Identified the ring "Plog" {+Fly rF- rC+ rN+ SInv} (You found it on level 1 of the Depths)
 46638 | Depths:2 | Reached skill level 21 in Shields
 46687 | Depths:2 | Noticed a golden dragon
 46693 | Depths:2 | Received a gift from Okawaru
 46700 | Depths:2 | Killed a golden dragon
 46700 | Depths:2 | Reached XP level 22. HP: 213/213 MP: 22/29
 46740 | Depths:2 | Found a sacrificial altar of Ru.
 46817 | Depths:2 | Noticed Margery
 46834 | Depths:2 | Killed Margery
 46931 | Depths:2 | Found a glowing golden altar of the Shining One.
 47074 | Depths:2 | Noticed a golden dragon
 47086 | Depths:2 | Killed a golden dragon
 47253 | Depths:2 | Got a heavily runed golden ring
 47255 | Depths:2 | Identified the ring "Epyoch" {+Fly rPois MP+9 Stlth+} (You found it on level 2 of the Depths)
 47270 | Depths:2 | Found a one-way gate to the infinite horrors of the Abyss.
 47624 | Depths:2 | Received a gift from Okawaru
 47630 | Depths:2 | Got a coiled marble ring
 47631 | Depths:2 | Identified the ring "Asic Quz" {Str+3 Int+3} (You found it on level 2 of the Depths)
 47807 | Depths:2 | Got a fine pewter ring
 47808 | Depths:2 | Identified the ring "Orchy" {rN+ MR+ MP+9 Str+4} (You found it on level 2 of the Depths)
 47890 | Depths:3 | Found a gateway to a ziggurat.
 47964 | Depths:3 | Identified the Volume of Dusty Calling
 47995 | Depths:3 | Noticed Aizul
 48007 | Depths:3 | Killed Aizul
 48123 | Depths:3 | Found a one-way gate leading to the halls of Pandemonium.
 48137 | Depths:3 | Received a gift from Okawaru
 48307 | Depths:3 | Found a glowing golden altar of the Shining One.
 48437 | Depths:3 | Found Xuosurew's Magic Scroll Boutique.
 48440 | Depths:3 | Bought a scroll of enchant weapon for 105 gold pieces
 48440 | Depths:3 | Bought a scroll of brand weapon for 280 gold pieces
 48440 | Depths:3 | Bought a scroll of teleportation for 42 gold pieces
 48440 | Depths:3 | Bought a scroll of fog for 28 gold pieces
 48440 | Depths:3 | Bought a scroll of teleportation for 42 gold pieces
 48702 | Depths:4 | Noticed the Enchantress
 48707 | Depths:4 | Reached skill level 10 in Invocations
 48716 | Depths:4 | Noticed a golden dragon
 48734 | Depths:3 | Reached XP level 23. HP: 88/220 MP: 25/30
 48743 | Depths:3 | Killed the Enchantress
 48951 | Depths:4 | Reached skill level 11 in Invocations
 48961 | Depths:4 | Killed a golden dragon
 48961 | Depths:4 | Received a gift from Okawaru
 49284 | D:15     | You paid a toll of a +7 demon blade to enter a treasure trove
 49285 | Trove    | Entered a treasure trove
 49293 | Trove    | Got a clouded iron ring
 49295 | Trove    | Identified the ring "Vuiwk" {+Blink rElec rC+++ Int+6 Dex-4} (You found it in a treasure trove)
 49305 | Trove    | Got a shimmering amber ring
 49307 | Trove    | Identified the ring "Failylo" {rPois rC++ Int-5 Dex+2 Stlth+} (You found it in a treasure trove)
 49316 | Trove    | Got a heavily runed lead ring
 49320 | Trove    | Identified the ring of Puopear {rElec rF+ rC++ MR+ Int-4} (You found it in a treasure trove)
 49324 | Trove    | Got a slimy amber ring
 49326 | Trove    | Identified the ring of Maxky {rCorr rN+ Dex+3} (You found it in a treasure trove)
 49329 | Trove    | Got a warped ruby amulet
 49330 | Trove    | Identified the amulet "Futec" {Faith rF+ rC+ MR- Str+4} (You found it in a treasure trove)
 49333 | Trove    | Got a smoking platinum amulet
 49334 | Trove    | Identified the amulet of Tih Risa {RegenMP rC+} (You found it in a treasure trove)
 49338 | Trove    | Got a smoking steel ring
 49340 | Trove    | Identified the ring "Heitih Nuhoq" {Wiz MR+ Dex+4} (You found it in a treasure trove)
 49349 | Trove    | Got a pitted jade ring
 49350 | Trove    | Identified the ring "Baurhiw" {rF- MR+ Int+4 Dex+4} (You found it in a treasure trove)
 49354 | Trove    | Got a glittering marble ring
 49355 | Trove    | Identified the ring "Fujoell" {rN+ Int+3 SInv} (You found it in a treasure trove)
 49359 | Trove    | Got a sparkling lead ring
 49360 | Trove    | Identified the ring "Suqoibex" {rElec rF+ Dex+2 Slay+4} (You found it in a treasure trove)
 49669 | Depths:4 | Reached skill level 6 in Dodging
 49671 | Depths:4 | Reached skill level 12 in Invocations
 49834 | Depths:4 | Reached skill level 13 in Invocations
 49943 | Depths:4 | Noticed a golden dragon
 49956 | Depths:4 | Killed a golden dragon
 50134 | Depths:4 | Found the +5 scythe "Finisher" {speed, Str+3}
 50207 | Depths:4 | Noticed a golden dragon
 50217 | Depths:4 | Noticed a golden dragon
 50222 | Depths:4 | Killed a golden dragon
 50222 | Depths:4 | Received a gift from Okawaru
 50232 | Depths:4 | Killed a golden dragon
 50232 | Depths:4 | Reached skill level 14 in Invocations
 50234 | Depths:4 | Identified a +0 pair of boots of running {god gift} (Okawaru gifted it to you on level 4 of the Depths)
 50524 | Depths:5 | Entered Level 5 of the Depths
 50909 | Depths:5 | Noticed a golden dragon
 50916 | Depths:5 | Reached skill level 9 in Dodging
 50916 | Depths:5 | Reached skill level 15 in Invocations
 50916 | Depths:5 | Reached XP level 24. HP: 228/228 MP: 34/34
 50957 | Depths:5 | Found a gate to the Realm of Zot.
 51163 | Depths:5 | Found Yzuriud's Food Shoppe.
 51178 | Depths:5 | Received a gift from Okawaru
 51882 | Vaults:5 | Entered Level 5 of the Vaults
 51975 | Vaults:5 | Reached skill level 16 in Invocations
 52252 | Vaults:5 | Noticed an ancient lich
 52266 | Vaults:5 | Killed an ancient lich
 52266 | Vaults:5 | Reached skill level 17 in Invocations
 52274 | Vaults:5 | Received a gift from Okawaru
 52404 | Vaults:5 | Noticed Mennas
 52436 | Vaults:5 | Killed Mennas
 52495 | Vaults:5 | Received a gift from Okawaru
 52503 | Vaults:5 | Reached skill level 18 in Invocations
 52554 | Vaults:5 | Reached XP level 25. HP: 193/235 MP: 23/36
 52607 | Vaults:5 | Got a silver rune of Zot
 52887 | Vaults:5 | Noticed an ancient lich
 52903 | Vaults:5 | Killed an ancient lich
 52903 | Vaults:5 | Received a gift from Okawaru
 52903 | Vaults:5 | Reached skill level 19 in Invocations
 53001 | Vaults:5 | Received a gift from Okawaru
 53006 | Vaults:5 | Got a shimmering plate armour {god gift}
 53035 | Vaults:5 | Reached skill level 20 in Invocations
 53142 | Vaults:5 | Identified the +4 plate armour "Sic Karo" {god gift, Dex+4} (Okawaru gifted it to you on level 5 of the Vaults)
 53568 | Vaults:5 | Reached skill level 21 in Invocations
 54308 | Zot:1    | Entered Level 1 of the Realm of Zot
 54392 | Zot:2    | Reached skill level 22 in Invocations
 54492 | Zot:3    | Received a gift from Okawaru
 54659 | Zot:4    | Reached skill level 23 in Invocations
 54697 | Zot:4    | Reached XP level 26. HP: 189/244 MP: 38/38
 54803 | Zot:4    | Reached skill level 24 in Invocations
 54865 | Zot:4    | Received a gift from Okawaru
 54961 | Zot:5    | Entered Level 5 of the Realm of Zot
 55102 | Zot:5    | Noticed an ancient lich
 55136 | Zot:5    | Killed an ancient lich
 55164 | Zot:5    | Noticed an orb of fire
 55187 | Zot:5    | Killed an orb of fire
 55294 | Zot:5    | Reached skill level 25 in Invocations
 55366 | Zot:5    | Noticed an orb of fire
 55422 | Zot:5    | Gained mutation: You are occasionally teleported next to monsters. [an orb of fire]
 55438 | Zot:5    | Killed an orb of fire
 55517 | Zot:5    | Reached skill level 26 in Invocations
 55594 | Zot:5    | Noticed an orb of fire
 55596 | Zot:5    | Gained mutation: You tend to lose your temper in combat. [an orb of fire]
 55621 | Zot:5    | Killed an orb of fire
 55668 | Zot:5    | Received a gift from Okawaru
 55669 | Zot:5    | Found the +2 robe of Vines {god gift, NoPotionHeal Regen+7}
 55678 | Zot:5    | Noticed an orb of fire
 55697 | Zot:5    | Killed an orb of fire
 55814 | Zot:5    | Reached skill level 27 in Invocations
 55814 | Zot:5    | Reached skill level 12 in Dodging
 55814 | Zot:5    | Reached XP level 27. HP: 250/250 MP: 11/40
 55824 | Zot:5    | Lost mutation: You are occasionally teleported next to monsters. [potion of mutation]
 55824 | Zot:5    | Lost mutation: You tend to lose your temper in combat. [potion of mutation]
 55824 | Zot:5    | Gained mutation: Scrolls take you a little longer to read. [potion of mutation]
 55824 | Zot:5    | Gained mutation: You evolve. [potion of mutation]
 55825 | Zot:5    | Lost mutation: You evolve. [potion of mutation]
 55825 | Zot:5    | Lost mutation: Scrolls take you a little longer to read. [potion of mutation]
 55825 | Zot:5    | Gained mutation: Your natural rate of healing is unusually fast. [potion of mutation]
 55825 | Zot:5    | Gained mutation: You passively map a small area around you. [potion of mutation]
 56137 | Zot:5    | Got the Orb of Zot
 56144 | Zot:5    | Noticed Konkief the pandemonium lord
 56495 | Depths:1 | Noticed a seraph
 56496 | Depths:1 | Received a gift from Okawaru
 56517 | Depths:1 | Killed a seraph
 56879 | D:8      | Noticed Faiqaufo the pandemonium lord
 57052 | D:1      | Quit the game

Vault maps used:
D:1:      minmay_arrival_five_plusses, minivault_5, minmay_misc_feat_pillars,
          hex_medium, st_stairs_11
D:2:      gammafunk_temple_overflow_statue, minmay_rat_hole, uniq_jessica,
          uniq_robin, uniq_terence
D:3:      first_bread
D:4:      grunt_temple_overflow_open, minmay_temple_entry_overgrown,
          uniq_duvessa, uniq_ijyb, uniq_eustachio, uniq_pikel
D:6:      vehumet_crystals, nicolae_ru_path_of_blood
D:9:      cheibriados_altar_1, uniq_prince_ribbit1, uniq_grum, uniq_joseph
D:10:     orc_david_3, enter_bailey_2, uniq_snorg
D:11:     minmay_lair_entry_grove, hangedman_little_slice_of_home
D:12:     kennysheep_small_spiral
D:13:     erik_vaults_1, hangedman_abyss_or_decor_stabs,
          hangedman_feature_mirror
D:14:     spider_trap, serial_bayou_lake_a
D:15:     grunt_enter_depths_magical_seal, enter_trove_3,
          hangedman_decor_diamond_cutter
Temple:   minmay_temple_bridge_abc
Lair:1:   st_stairs_4
Lair:2:   spider_nest_entry_a, grunt_megastairs_3, uniq_urug
Lair:3:   swamp_mist, st_stairs_10
Lair:4:   serial_bayou_shore_a, wad_woods_river_01, serial_bayou_shore_b
Lair:5:   dpeg_slime_entry_enclosed_altar, eino_house_with_fridge
Lair:6:   wormcave, guppyfry_lair_end_dragon, serial_forest,
          infiniplex_forest_zigzag_2, infiniplex_forest_join,
          infiniplex_forest_lined_room_3, infiniplex_forest_end_double,
          infiniplex_forest_end_double, infiniplex_forest_straight_4,
          infiniplex_forest_clump_tiny
Swamp:1:  cheibrodos_swamp_monstrosity, portal_ice_cave_entry_ice_statue_two,
          hangedman_swamp_blocks, infiniplex_staircase_pool
Swamp:2:  evilmike_swamp_ruin_house_6, swamp_pool4, uniq_donald
Swamp:3:  evilmike_swamp_ruin_rubble_2, swamp_pool3, nicolae_swamp_stair_fork
Swamp:4:  swamp
Spider:2: hangedman_spider_tarantella_strand, uniq_arachne
Spider:3: nicolae_spider_cling_ruins, uniq_bai_suzhen, uniq_louise
Spider:4: spider_rune_water, uniq_nikola
Orc:1:    enter_volcano_3, serial_shops, nicolae_shop_waterfront
Orc:2:    pubby_orc_utopia, serial_shops
Vaults:1: nicolae_vaults_fighting_squares, nicolae_vaults_little_squares_1,
          v_misc_18, ontoclasm_vaults_gateway,
          nicolae_vaults_diagonal_hallway_6, vaults_dpeg_diagonal
Vaults:2: nicolae_vaults_arrows, hangedman_vaults_capsules, v_misc_11, v_misc_2,
          v_alt_pattern_4, hangedman_vaults_stretched_pinwheel,
          vaults_room_pool, v_misc_12, v_misc_17, vaults_dpeg_encased_lava,
          uniq_jorgrun, uniq_frederick
Vaults:3: minmay_crypt_entry_necro_gods, hangedman_vaults_locks,
          nicolae_vaults_angled_halls, nicolae_vaults_rhombus_5,
          ontoclasm_vaults_claustrophobia, v_misc_4, ontoclasm_vaults_fault,
          vaults_dpeg_ring, ontoclasm_vaults_chip, vaults_dpeg_hooks
Vaults:4: nicolae_vaults_little_squares_2, hangedman_vaults_slither, v_misc_22,
          hangedman_vaults_nodes, v_misc_11, v_misc_2, st_squares,
          hangedman_vaults_snaps, v_rooms_5, serial_shops, nicolae_shop_crystal
Vaults:5: uniq_mennas
Depths:1: lightli_too_deep, hangedman_decor_lopped, minmay_misc_feat_columns,
          hex_intersection, kennysheep_dice, minmay_shop_grove, firewood_loft
Depths:2: hangedman_spin_cycle, hell_entry, abyss_entry
Depths:3: minmay_haunted_quarter, enter_ziggurat_b, tso_altar, serial_shops,
          kennysheep_mini, rand_demon_pan_entry_7, hell_entry,
          minmay_staircase_bubble, uniq_aizul
Depths:4: minmay_chopped_fan, kennysheep_another_room, pf_hell_entry_tar_river,
          abyss_entry, rand_demon_pan_entry_5, infiniplex_staircase_zigzag_5,
          serial_bayou_shore_b, uniq_enchantress
Depths:5: evilmike_zot_entry_gauntlet, minivault_14, grunt_pan_entry_in_and_out,
          hell_entry, serial_shops, shop
Zot:1:    circus_mu
Zot:2:    gammafunk_sealed_arena
Trove:    trove_jewel_1
Bailey:   bailey_axe_2, bailey
Volcano:  volcano_caves

Skill      XL: |  1  2  3  4  5  6  7  8  9 10 11 12 13 14 15 16 17 18 19 20 21 22 23 24 25 26 27 |
---------------+----------------------------------------------------------------------------------+-----
Fighting       | 1 3 4 5 7 9 12 13 15 16 17 19 20 21 | 21.0
Axes           | 2 5 6 7 9 11 12 15 18 | 18.1
Armour         | 2 4 5 7 9 10 11 13 14 15 17 18 19 20 | 20.0
Shields        | 4 6 7 10 12 14 15 17 18 21 23 | 23.4
Dodging        | 2 3 4 9 11 12 14 | 14.3
Evocations     | 5 6 8 10 | 10.0
Invocations    | 9 10 15 18 23 27 | 27.0
Stealth        | |  1.5
Spellcasting   | |  1.5
Transmutations | |  0.6
Earth Magic    | |  3.0

Action                   |  1- 3 |  4- 6 |  7- 9 | 10-12 | 13-15 | 16-18 | 19-21 | 22-24 | 25-27 || total
-------------------------+-------+-------+-------+-------+-------+-------+-------+-------+-------++-------
Melee: Dagger            |    65 |       |       |    24 |       |       |       |       |       ||    89
       Whip              |    59 |    67 |       |       |       |       |       |       |       ||   126
       Hand axe          |       |   229 |    53 |       |       |       |       |       |       ||   282
       Unarmed           |       |       |    20 |       |       |       |       |       |       ||    20
       Short sword       |       |       |   290 |   572 |   448 |    27 |       |       |       ||  1337
       War axe           |       |       |    52 |    48 |    89 |       |       |       |       ||   189
       Battleaxe         |       |       |       |       |   748 |   567 |       |       |       ||  1315
       Punch             |       |       |       |       |       |     1 |       |       |       ||     1
       Broad axe         |       |       |       |       |       |   888 |  1133 |  1259 |  1273 ||  4553
 Fire: Hunting sling     |       |    84 |       |       |       |       |       |       |       ||    84
Throw: Stone             |       |       |       |     1 |     1 |       |       |       |       ||     2
       Javelin           |       |       |       |       |     2 |       |       |       |       ||     2
 Cast: Sandblast         |    13 |    50 |    20 |       |       |       |       |       |       ||    83
Invok: Heroism           |       |       |     5 |    21 |    33 |    28 |    15 |    25 |    17 ||   144
       Finesse           |       |       |       |     4 |     3 |    10 |     8 |    10 |    10 ||    45
Evoke: Wand              |       |       |     3 |     5 |     3 |     2 |       |       |     1 ||    14
       Box of beasts     |       |       |       |       |     1 |       |       |       |       ||     1
       Lamp of fire      |       |       |       |       |       |     1 |       |     1 |       ||     2
  Use: Scroll            |     1 |     3 |     7 |    17 |     7 |    10 |     5 |    16 |     9 ||    75
       Potion            |       |       |     1 |     1 |     1 |     1 |     1 |     1 |     4 ||    10
 Stab: Sleeping          |     1 |       |       |       |     1 |       |       |       |       ||     2
       Confused          |       |       |     1 |       |       |     2 |       |     1 |       ||     4
       Distracted        |       |       |       |       |     2 |       |     1 |     1 |       ||     4
       Invisible         |       |       |       |       |       |    11 |     1 |       |       ||    12
       Paralysed         |       |       |       |       |       |       |       |       |     1 ||     1
  Eat: Chunk             |     4 |    13 |    21 |    17 |    38 |    37 |    24 |    14 |     9 ||   177
       Royal jelly       |       |       |       |       |     2 |       |       |       |       ||     2
       Meat ration       |       |       |       |       |       |       |     1 |     1 |     1 ||     3
Armor: Robe              |    14 |       |       |       |       |       |       |       |       ||    14
       Ring mail         |    12 |   127 |   129 |   190 |   217 |       |       |       |       ||   675
       Skin              |       |     9 |     2 |       |       |       |       |       |       ||    11
       Scale mail        |       |       |       |       |   252 |    66 |       |       |       ||   318
       Chain mail        |       |       |       |       |       |   783 |   270 |   152 |       ||  1205
       Gold dragon scale |       |       |       |       |       |       |       |   242 |   259 ||   501
Dodge: Dodged            |    80 |   201 |   175 |   271 |   608 |   593 |   157 |   233 |   267 ||  2585
Block: Other             |     2 |    89 |    29 |       |   147 |     5 |       |       |       ||   272
       Reflection        |       |     1 |     3 |    20 |    13 |     3 |       |       |       ||    40
       Buckler           |       |       |   128 |   301 |   260 |    13 |       |       |       ||   702
       Shield            |       |       |       |       |       |   424 |       |       |       ||   424
       Large shield      |       |       |       |       |       |   122 |   992 |  1332 |  1182 ||  3628

Table legend:
 A = Spawn XP
 B = Non-spawn XP
 C = Spawn XP percentage of total XP
 D = Spawn monster count
 E = Non-spawn monster count
 F = Spawn count percentage of total count
 G = Total turns spent on level
                    A         B        C        D         E        F      G
               +---------+---------+-------+---------+---------+-------+---------
         Total |  119808 | 1211477 |   9.0 |     262 |    1927 |  12.0 | 57052
               +---------+---------+-------+---------+---------+-------+---------
           D:1 |      12 |      46 |  20.7 |       9 |      19 |  32.1 |  2180
           D:2 |      11 |     896 |   1.2 |       6 |      49 |  10.9 |  1550
           D:3 |      12 |     758 |   1.6 |       6 |      27 |  18.2 |  2654
           D:4 |      47 |     583 |   7.5 |       2 |      13 |  13.3 |  1282
           D:5 |      36 |     400 |   8.3 |       1 |      16 |   5.9 |   819
           D:6 |      73 |     627 |  10.4 |       2 |      11 |  15.4 |   599
           D:7 |     238 |    2156 |   9.9 |       3 |      27 |  10.0 |   975
           D:8 |     361 |    4874 |   6.9 |       5 |      19 |  20.8 |  1015
           D:9 |     228 |    4600 |   4.7 |       5 |      26 |  16.1 |  1303
          D:10 |     635 |    5273 |  10.7 |       7 |      41 |  14.6 |  1319
          D:11 |     467 |    8898 |   5.0 |       3 |      55 |   5.2 |  1500
          D:12 |     226 |    5281 |   4.1 |       4 |      26 |  13.3 |  1227
          D:13 |    1342 |    5416 |  19.9 |       2 |      28 |   6.7 |  1088
          D:14 |    1433 |   11174 |  11.4 |       6 |      41 |  12.8 |  1508
          D:15 |    1023 |   17681 |   5.5 |       6 |      45 |  11.8 |  1429
        Lair:1 |    1317 |    5087 |  20.6 |       4 |      23 |  14.8 |  1111
        Lair:2 |     648 |    6763 |   8.7 |       3 |      22 |  12.0 |  1607
        Lair:3 |     578 |    3889 |  12.9 |       3 |      13 |  18.8 |  1160
        Lair:4 |    2015 |    6914 |  22.6 |       8 |      25 |  24.2 |  1322
        Lair:5 |    1620 |    3967 |  29.0 |       8 |      24 |  25.0 |  1052
        Lair:6 |    6386 |   17099 |  27.2 |      11 |      53 |  17.2 |  2397
       Swamp:1 |    1222 |    8819 |  12.2 |       2 |      24 |   7.7 |  1227
       Swamp:2 |    4478 |   14584 |  23.5 |      13 |      34 |  27.7 |   871
       Swamp:3 |    3857 |   11548 |  25.0 |      10 |      26 |  27.8 |   979
       Swamp:4 |     915 |   25183 |   3.5 |       3 |      53 |   5.4 |  1023
      Spider:1 |     596 |    9777 |   5.7 |       2 |      31 |   6.1 |   614
      Spider:2 |    8351 |   13018 |  39.1 |      20 |      28 |  41.7 |  1124
      Spider:3 |    2047 |   18412 |  10.0 |       2 |      39 |   4.9 |   979
      Spider:4 |    1716 |   40515 |   4.1 |       6 |      71 |   7.8 |  1446
         Orc:1 |     197 |    3413 |   5.5 |       2 |      22 |   8.3 |   579
         Orc:2 |     118 |   21931 |   0.5 |       1 |     137 |   0.7 |  1773
      Vaults:1 |    3850 |   19556 |  16.4 |       8 |      41 |  16.3 |  1430
      Vaults:2 |    1812 |   75356 |   2.3 |       3 |     106 |   2.8 |  1689
      Vaults:3 |    1614 |   30563 |   5.0 |       5 |      40 |  11.1 |  1069
      Vaults:4 |    7058 |   89859 |   7.3 |      13 |     113 |  10.3 |  1912
      Vaults:5 |    8585 |  186406 |   4.4 |      11 |     135 |   7.5 |  2045
      Depths:1 |    8414 |   45171 |  15.7 |       9 |      50 |  15.3 |  1294
      Depths:2 |    2885 |   89827 |   3.1 |       3 |      84 |   3.4 |  1540
      Depths:3 |   10403 |   25214 |  29.2 |       8 |      25 |  24.2 |  1183
      Depths:4 |   19495 |   79604 |  19.7 |      24 |      68 |  26.1 |  1120
      Depths:5 |    6820 |   42435 |  13.8 |       9 |      51 |  15.0 |  1232
         Zot:1 |       0 |    4548 |   0.0 |       0 |       3 |   0.0 |    76
         Zot:2 |       0 |   10513 |   0.0 |       0 |       5 |   0.0 |   161
         Zot:3 |    2197 |   20496 |   9.7 |       1 |      13 |   7.1 |   201
         Zot:4 |    4470 |   54023 |   7.6 |       3 |      28 |   9.7 |   380
         Zot:5 |       0 |  155997 |   0.0 |       0 |      54 |   0.0 |  1199
        Bailey |       0 |     444 |   0.0 |       0 |      34 |   0.0 |   318
       Volcano |       0 |    1883 |   0.0 |       0 |       9 |   0.0 |   316
               +---------+---------+-------+---------+---------+-------+---------
